 Dungeon Crawl Stone Soup version 0.31-a0-1178-gc5c9b8f871 (webtiles) character file.

Game seed: 13633059160503700372

299 qw the Shooter (level 6, -3/37 HPs)
             Began as a Gargoyle Hunter on Dec 11, 2023.
             Slain by Sigmund
             ... wielding a +0 scythe
              (7 damage)
             ... on level 2 of the Dungeon.
             The game lasted 00:00:52 (1670 turns).

qw the Shooter (Gargoyle Hunter)                    Turns: 1670, Time: 00:00:53

Health: -3/37      AC: 10    Str: 13    XL:     6   Next: 36%
Magic:  6/6        EV: 12    Int:  9    God:
Gold:   97         SH:  0    Dex: 19    Spells: 5/5 levels left

rFire   . . .        a - +0 shortbow (freeze)
rCold   . . .        (shield currently unavailable)
rNeg    + + .        c - +0 leather armour
rPois   inf          h - +2 helmet
rElec   +            (no cloak)
rCorr   .            (no gloves)
SInv    .            (no boots)
Will    .....        (no amulet)
Stlth   ++           b - ring of positive energy
HPRegen 0.26/turn    (no ring)
MPRegen 0.10/turn

%: no passive effects
@: no status effects
A: sickness immunity, AC +4, negative energy resistance 1, electricity
resistance, torment resistance 1, petrification resistance, agile 1, mutation
resistance 1
a: no special abilities


You were on level 2 of the Dungeon.
You visited 1 branch of the dungeon, and saw 4 of its levels.
You also visited: Sewer.

You collected 97 gold pieces.


Innate Abilities, Weirdness & Mutations

You are immune to sickness and miasma.
Your stone body is resilient. (AC +4)
You are immune to poison.
You resist negative energy. (rN+)
You are resistant to electric shocks. (rElec)
You are resistant to unholy torment.
You are immune to petrification.
You are agile. (Dex +4, Str/Int -1)
You are somewhat resistant to further mutation.


   Skills:
 + Level 3.6 Fighting
 - Level 6.5 Ranged Weapons
 - Level 1.4 Armour
 - Level 2.0 Dodging
 - Level 1.1 Stealth


You had 5 spell levels left.
You didn't know any spells.
Your spell library was empty.

Inventory:

Hand Weapons
 a - a +0 shortbow of freezing (weapon)
Armour
 c - a +0 leather armour (worn)
 h - a +2 helmet (worn)
Jewellery
 b - a ring of positive energy (left hand)
 d - a ring of flight
Potions
 f - a potion of enlightenment

Dungeon Overview and Level Annotations

Branches:
Dungeon (4/15)              Sewer (visited)
 Temple: D:4-7

Altars:
Nemelex Xobeh
Vehumet

Shops:
D:1 *

Annotations:
D:2 Sigmund
D:3 1 runed translucent door, Crazy Yiuf


Message History

A puff of flame appears from out of thin air!
The puff of flame hits you but does no damage.
You shoot an arrow.
You hear some strange, mumbled words.
You are confused.
You shoot an arrow. The arrow hits the plant.
The plant begins to die.
The arrow freezes the plant.
The plant is lightly damaged.
Something completely misses you.
You shoot an arrow. The arrow hits the plant.
The arrow freezes the plant.
The plant is lightly damaged.
Something hits you.
You shoot an arrow. The arrow hits the plant.
The plant begins to die.
The arrow freezes the plant.
The plant is lightly damaged.
You shoot an arrow.
A nearby plant withers and dies.
A magic dart appears from out of thin air!
The magic dart hits you!
You shoot an arrow. The arrow hits the plant!
The plant begins to die.
The arrow freezes the plant.
The plant is lightly damaged.
You feel less confused. Something hits you!
You shoot an arrow.
A nearby plant withers and dies.
A magic dart appears from out of thin air!
The magic dart hits you but does no damage.
You shoot an arrow. Something hits you.
You shoot an arrow.
A nearby plant withers and dies.
Something hits you.
You shoot an arrow. You shoot an arrow. Something hits you but does no damage.
You shoot an arrow. Something hits you!
You shoot an arrow. Something hits you!
You die... 7777 777

#77~~7P~P77
###7~P~~PPP~~7
##...~~@~P~~~~~
####........{[..~~
#..%..............
##.#~PPP~..~~......
#..7P~~~~~P~~7~..~.
#.7~~~P~~~~~~P~~P~~
#..P~~~P~~~~~~~~~~~
##.#7P~P~~~~~~~~~~#
###)...777~~~~~~~~


There were no monsters in sight!

Vanquished Creatures
  A crocodile (Sewer)
  An orc priest (D:2)
  Jessica (D:2)
  An iguana (D:3)
  A statue (D:3)
  4 adders
  A worm (D:2)
  3 dart slugs (D:1)
  6 orcs
  9 ball pythons
  5 endoplasms
  2 giant cockroaches
  3 goblins
  4 hobgoblins
  3 jackals (Sewer)
  7 kobolds
  A quokka (D:3)
  5 bats
  3 frilled lizards (D:1)
  4 rats
65 creatures vanquished.

Notes
Turn   | Place    | Note
-------+----------+-------------------------------------------
     0 | D:1      | qw the Gargoyle Hunter began the quest for the Orb.
     0 | D:1      | Reached XP level 1. HP: 12/12 MP: 1/1
     0 | D:1      | 0 ||| qw: Version: 0.3-a-106-g2cfff9e
     0 | D:1      | 0 ||| qw: Game counter: 2061
     0 | D:1      | 0 ||| qw: Melee chars always use a shield: true
     0 | D:1      | 0 ||| qw: God list: Okawaru
     0 | D:1      | 0 ||| qw: Allow faded altars: false
     0 | D:1      | 0 ||| qw: Do Orc after clearing Dungeon:15 true
     0 | D:1      | 0 ||| qw: Do second Lair branch before Depths: true
     0 | D:1      | 0 ||| qw: Lair rune preference: random
     0 | D:1      | 0 ||| qw: Goals: Normal, Save, Zot:1-4, Win
     0 | D:1      | 0 ||| PLANNING D:1-11
   139 | D:1      | Reached XP level 2. HP: 15/17 MP: 2/2
   222 | D:1      | Found Ijopufon's General Store.
   238 | D:1      | 238 ||| SHOPLISTING 2 scrolls of teleportation (66 gold,
                  | have 26).
   238 | D:1      | 238 ||| SHOPLISTING scroll of enchant weapon (82 gold, have
                  | 26).
   238 | D:1      | 238 ||| SHOPLISTING scroll of teleportation (33 gold, have
                  | 26).
   401 | D:1      | Reached XP level 3. HP: 21/21 MP: 3/3
   542 | D:1      | 542 ||| UPGRADING to +2 helmet.
   547 | D:1      | 547 ||| READING scroll labelled GAANLY SAT KIN.
   648 | D:1      | 648 ||| READING scroll labelled BUXTA EFULORUCE.
   648 | D:1      | 648 ||| BRANDING +0 shortbow.
   649 | D:1      | 649 ||| DROPPING scroll of butterflies.
   665 | D:2      | 665 ||| STAIRDANCE
   668 | D:1      | Reached skill level 5 in Ranged Weapons
   696 | D:2      | You fall into a shaft and drop 2 floors!
   733 | D:3      | 733 ||| PLANNING SEWER
   807 | D:3      | Found a sparkling altar of Nemelex Xobeh.
   882 | D:3      | Found a runed translucent door.
   883 | D:3      | Noticed Crazy Yiuf
  1014 | D:3      | Reached skill level 3 in Fighting
  1014 | D:3      | Reached XP level 4. HP: 10/28 MP: 4/4
  1242 | D:3      | Found a radiant altar of Vehumet.
  1242 | D:3      | Noticed a frost-covered statue
  1256 | D:3      | Killed a frost-covered statue
  1257 | D:3      | Reached XP level 5. HP: 32/32 MP: 5/5
  1315 | D:3      | Found a glowing drain.
  1316 | D:3      | 1316 ||| UPGRADING to ring of positive energy.
  1317 | D:3      | 1317 ||| READING scroll labelled PETHEES JAOHEA.
  1317 | D:3      | 1317 ||| IDENTIFYING smoky golden potion
  1318 | D:3      | 1318 ||| DROPPING potion of invisibility.
  1323 | Sewer    | Entered a sewer
  1371 | Sewer    | Noticed a crocodile
  1378 | Sewer    | Killed a crocodile
  1379 | Sewer    | Reached skill level 6 in Ranged Weapons
  1379 | Sewer    | Reached XP level 6. HP: 37/37 MP: 6/6
  1431 | Sewer    | 1431 ||| READING scroll of identify.
  1431 | Sewer    | 1431 ||| IDENTIFYING fuming golden potion
  1432 | Sewer    | 1432 ||| READING scroll labelled KOACIL PIMAME.
  1433 | Sewer    | 1433 ||| DRINKING 2 metallic dark potions.
  1434 | Sewer    | 1434 ||| DRINKING lumpy grey potion.
  1435 | Sewer    | 1435 ||| DRINKING bubbling amethyst potion.
  1436 | Sewer    | 1436 ||| DRINKING smoky orange potion.
  1436 | Sewer    | Gained mutation: You are agile. (Dex +4, Str/Int -1)
                  | [potion of mutation]
  1436 | Sewer    | Gained mutation: You are somewhat resistant to further
                  | mutation. [potion of mutation]
  1441 | Sewer    | 1441 ||| DROPPING potion of ambrosia.
  1455 | D:3      | 1455 ||| PLANNING D:1-11
  1491 | D:2      | 1491 ||| FLEEEEING.
  1495 | D:2      | 1495 ||| STAIRDANCE
  1552 | D:2      | Reached skill level 1 in Armour
  1614 | D:2      | Noticed Jessica
  1619 | D:2      | Killed Jessica
  1649 | D:2      | Noticed Sigmund
  1666 | D:2      | HP: 9/37 [something (5)]
  1669 | D:2      | HP: 3/37 [something (7)]
  1670 | D:2      | Slain by Sigmund

Levels and vault maps discovered:
D:1:      mushboom_english_gardens, layout_loops_ring, serial_shops, shop
D:2:      layout_rooms, serial_bayou_ford_a, uniq_sigmund, uniq_jessica,
          uniq_terence
D:3:      layout_basic, vehumet_statue, nicolae_overflow_hidden_temple,
          nemelex_xobeh_ov_fountains_minmay,
          mainiacjoe_sewer_entry_somewhere_in_here_2, minmay_door_square,
          uniq_crazy_yiuf_cottage
D:4:      layout_basic, lemuel_doored_altar, fedhas_altar_1,
          mainiacjoe_overflow_catwalk, minivault_26, kennysheep_pointless_box,
          st_stairs_4

Skill      XL: |  1  2  3  4  5  6 |
---------------+-------------------+-----
Ranged Weapons | 5 6 |  6.5
Fighting       | 3 |  3.6
Armour         | 1 |  1.4
Dodging        | 2 |  2.0
Stealth        | |  1.1

Action                     |  1- 3 |  4- 6 || total
---------------------------+-------+-------++-------
   Fire: Shortbow          |    81 |   119 ||   200
    Use: Scroll            |     2 |     3 ||     5
         Potion            |       |     4 ||     4
 Armour: Leather armour    |    31 |    44 ||    75
  Dodge: Dodged            |    19 |    31 ||    50

Table legend:
 A = Non-vault XP
 B = Vault XP
 C = Vault XP percentage of total XP
 D = Non-vault monster count
 E = Vault monster count
 F = Vault count percentage of total count
                 A         B        C        D         E       F
            +---------+---------+-------+---------+---------+-------
      Total |     222 |     206 |  48.1 |      51 |      14 |  21.5
            +---------+---------+-------+---------+---------+-------
        D:1 |      42 |       0 |   0.0 |      23 |       0 |   0.0
        D:2 |      73 |      37 |  33.6 |       9 |       1 |  10.0
        D:3 |     105 |      42 |  28.6 |      18 |       8 |  30.8
        D:4 |       2 |       0 |   0.0 |       1 |       0 |   0.0
      Sewer |       0 |     127 | 100.0 |       0 |       5 | 100.0
            +---------+---------+-------+---------+---------+-------
